 Dungeon Crawl Stone Soup version 0.30-a0-870-gc5d4c5acee (webtiles) character file.

Game seed: 12871881022565922596

68 domi the Conjurer (level 4, -3/30 HPs)
             Began as a Demonspawn Conjurer on Mar 11, 2023.
             Slain by a gnoll
             ... wielding a +0 flail
              (6 damage)
             ... on level 2 of the Dungeon.
             The game lasted 00:03:05 (2185 turns).

domi the Conjurer (Demonspawn Conjurer)             Turns: 2185, Time: 00:03:05

Health: -3/30      AC:  6    Str:  7    XL:     4   Next: 1%
Magic:  3/7        EV: 12    Int: 24    God:
Gold:   49         SH:  4    Dex: 18    Spells: 4/7 levels left

rFire   . . .      SeeInvis .    (no weapon)
rCold   . . .      Faith    .    (no shield)
rNeg    . . .      Spirit   .    a - +0 robe
rPois   .          Reflect  .    m - +2 helmet {Int+3}
rElec   .          Rampage  .    p - +0 cloak
rCorr   .                        (no gloves)
Will    .....                    (no boots)
Stlth   ++                       (no amulet)
HPRegen 0.25/turn                c - +6 ring of dexterity
MPRegen 0.10/turn                (no ring)

@: no status effects
A: claws 1, condensation shield
a: no special abilities


You were on level 2 of the Dungeon.
You visited 1 branch of the dungeon, and saw 2 of its levels.

You collected 49 gold pieces.

Inventory:

Armour
 a - a +0 robe (worn)
 m - a +2 helmet of intelligence (worn)
   (You found it on level 2 of the Dungeon)
 p - a +0 cloak (worn)
   (You found it on level 2 of the Dungeon)
Jewellery
 c - a +6 ring of dexterity (left claw)
   (You found it on level 1 of the Dungeon)
Scrolls
 d - a scroll of immolation {unknown}
 f - a scroll of summoning {unknown}
 g - a scroll of torment {unknown}
 h - a scroll of enchant weapon {unknown}
 j - a scroll of blinking {unknown}
 k - 2 scrolls of identify {unknown}
 o - a scroll of fear {unknown}
Potions
 b - a potion of magic
 e - 3 potions of brilliance {unknown}
 i - a potion of curing {unknown}
 l - a potion of cancellation {unknown}
 n - a potion of degeneration {unknown}


   Skills:
 - Level 1.7 Dodging
 - Level 1.7 Stealth
 - Level 2.0 Spellcasting
 + Level 5.6 Conjurations


You had 4 spell levels left.
You knew the following spells:

 Your Spells              Type           Power      Damage    Failure   Level
x - Searing Ray           Conj           58%        2d6       1%          2
z - Magic Dart            Conj           100%       1d8       1%          1

Your spell library contained the following spells:

 Spells                   Type           Power      Damage    Failure   Level
 Dazzling Flash           Conj/Hex       30%        N/A       12%         3
 Mephitic Cloud           Conj/Pois/Air  11%        N/A       17%         3
 Call Imp                 Summ           2%         N/A       19%         2
 Fulminant Prism          Conj/Hex       7%         3d7       36%         4
 Iskenderun's Mystic Bla  Conj/Tloc      15%        2d5       36%         4


Dungeon Overview and Level Annotations

Branches:
Dungeon (2/15)

Altars:


Innate Abilities, Weirdness & Mutations

You have sharp fingernails.
A meltable shield of frost defends you. (SH +4)


Message History

The magic dart hits the orc.
You kill the orc!
You can't see any susceptible monsters within range! (Use Z to cast anyway.)
A worm comes into view.
A worm is nearby!
A worm is nearby!
Aim: a worm (100% to hit)
The magic dart hits the worm.
Aim: a worm (lightly wounded, 100% to hit)
The magic dart hits the worm.
Aim: a worm (heavily wounded, 100% to hit)
The magic dart hits the worm.
Aim: a worm (severely wounded, 100% to hit)
The magic dart hits the worm but does no damage.
You don't have enough magic to cast this spell.
You don't have enough magic to cast this spell.
You don't have enough magic to cast this spell.
You scratch the worm. You barely miss the worm. The worm closely misses you.
You scratch the worm but do no damage.
Aim: a worm (severely wounded, 100% to hit)
The magic dart hits the worm.
The worm misses you.
You scratch the worm.
You kill the worm!
You see here a worm corpse.
Things that are here:
a +0 mace; a +0 ring mail
Okay, then.
You start resting.
Found an escape hatch in the ceiling.
There is an escape hatch in the ceiling here.
There is an escape hatch in the ceiling here.
Things that are here:
a +0 mace; a +0 ring mail You see here a worm corpse.
There is an open door here.
A hobgoblin comes into view.
The hobgoblin shouts!
A hobgoblin is nearby!
A hobgoblin is nearby!
Aim: a hobgoblin (100% to hit)
The magic dart hits the hobgoblin but does no damage.
Aim: a hobgoblin (100% to hit)
The magic dart hits the hobgoblin.
Aim: a hobgoblin (almost dead, 100% to hit)
The magic dart hits the hobgoblin.
You kill the hobgoblin!
You can't see any susceptible monsters within range! (Use Z to cast anyway.)
You can't see any susceptible monsters within range! (Use Z to cast anyway.)
A rat comes into view.
Aim: a rat (100% to hit)
The magic dart hits the rat.
You kill the rat!
You can't see any susceptible monsters within range! (Use Z to cast anyway.)
You can't see any susceptible monsters within range! (Use Z to cast anyway.)
o - a scroll labelled EFFIGO BECS
p - a +0 cloak You start putting on your armour.
You continue putting on your +2 helmet of intelligence. x4
You finish putting on your +2 helmet of intelligence.
You feel clever.
You start putting on your armour.
You continue putting on your +0 cloak. x4
You finish putting on your +0 cloak.
You see here a hobgoblin corpse.
A gnoll comes into view. It is wielding a +0 flail.
Aim: a gnoll, wielding a +0 flail (asleep, 100% to hit)
The magic dart hits the gnoll.
The gnoll shouts!
Aim: a gnoll, wielding a +0 flail (heavily wounded, 100% to hit)
The magic dart hits the gnoll.
A gnoll comes into view. It is wielding a +0 flail.
A gnoll comes into view. It is wielding a +0 club.
Aim: a gnoll, wielding a +0 flail (almost dead, 100% to hit)
The magic dart hits the gnoll but does no damage.
The gnoll shouts!
Aim: a gnoll, wielding a +0 flail (almost dead, 100% to hit)
The magic dart hits the gnoll!
You kill the gnoll!
You have reached level 4!
You feel agile.
Your demonic ancestry asserts itself...
Frost condenses into a shield before you.
You see here a +2 ring mail of poison resistance.
You block the gnoll's attack. The gnoll hits you with a +0 flail.
You block the gnoll's attack. The gnoll hits you with a +0 flail.
The gnoll barely misses you. The gnoll closely misses you.
The gnoll misses you. The gnoll closely misses you.
The gnoll hits you with a +0 club. The gnoll barely misses you.
The gnoll closely misses you. The gnoll hits you with a +0 flail.
The gnoll completely misses you. You block the gnoll's attack.
The gnoll hits you with a +0 club.
* * * LOW HITPOINT WARNING * * *
The gnoll hits you with a +0 flail.
* * * LOW HITPOINT WARNING * * *
You block the gnoll's attack. The gnoll hits you with a +0 flail.
* * * LOW HITPOINT WARNING * * *
The gnoll hits you with a +0 club.
* * * LOW HITPOINT WARNING * * *
The gnoll hits you with a +0 flail.
You die...

. ##. ##. .. ..#
#.#..# #..#.#
##...)# #....g#
#...g@#.#
#....[#..
#.....#.#
#.....#.#
#...#.#.# #+#
##.#..#.# #.#
#.#..#.#######.#
#..##..##....#.##
#......##.##....##


You could see 2 gnolls.

Vanquished Creatures
  A gnoll (D:2)
  2 worms (D:2)
  3 dart slugs (D:1)
  An orc (D:2)
  3 bats
  6 endoplasms
  2 giant cockroaches (D:1)
  4 goblins (D:1)
  7 hobgoblins
  2 kobolds (D:1)
  3 quokkas
  A ball python (D:1)
  2 frilled lizards (D:1)
  3 rats
40 creatures vanquished.

Notes
Turn   | Place    | Note
-------+----------+-------------------------------------------
     0 | D:1      | domi the Demonspawn Conjurer began the quest for the Orb.
     0 | D:1      | Reached XP level 1. HP: 13/13 MP: 3/3
   268 | D:1      | Gained mutation: You have sharp fingernails. [demonic
                  | ancestry]
   268 | D:1      | Reached XP level 2. HP: 19/19 MP: 0/5
   892 | D:1      | Learned a level 2 spell: Searing Ray
   897 | D:1      | Reached skill level 5 in Conjurations
   959 | D:1      | Reached XP level 3. HP: 22/24 MP: 0/6
  2173 | D:2      | Gained mutation: A meltable shield of frost defends you.
                  | (SH +4) [demonic ancestry]
  2173 | D:2      | Reached XP level 4. HP: 30/30 MP: 2/7
  2183 | D:2      | HP: 7/30 [gnoll/+0 flail (2)]
  2184 | D:2      | HP: 3/30 [gnoll/+0 club (2)]
  2185 | D:2      | Slain by a gnoll

Illustrated notes

Levels and vault maps discovered:
D:1:      amcnicky_arrival_feature_with_door, layout_basic,
          minmay_small_reverse_x
D:2:      layout_loops_corners, grunt_decor_one_mirror, minmay_curled_crystal

Skill      XL: |  1  2 |
---------------+-------+-----
Conjurations   | 5 |  5.6
Dodging        | |  1.7
Stealth        | |  1.7
Spellcasting   | |  2.0

Action                     |  1- 3 |  4- 6 || total
---------------------------+-------+-------++-------
  Melee: Unarmed           |     4 |       ||     4
   Cast: Magic Dart        |    96 |       ||    96
 Armour: Robe              |     1 |       ||     1
  Dodge: Dodged            |     5 |     7 ||    12
  Block: Other             |       |     4 ||     4

Table legend: (Time is in decaauts)
 A = Elapsed time spent in this place.
 B = Non-inter-level travel time spent in this place.
 C = Inter-level travel time spent in this place.
 D = Time resting spent in this place.
 E = Time spent auto-exploring this place.
 F = Levels seen in this place.
 G = Mean time per level.
                   A        B        C        D        E       F      G
               +--------+--------+--------+--------+--------+-----+--------+
         Total |   2184 |   2149 |     35 |    261 |   1663 |   2 | 1092.0 |
       Dungeon |   2184 |   2149 |     35 |    261 |   1663 |   2 | 1092.0 |
               +--------+--------+--------+--------+--------+-----+--------+

Top non-repeatable levels by time:
     D:1: 1478 daAuts
     D:2: 705 daAuts

Table legend:
 A = Kills in this place as a percentage of kills in the entire game.
 B = Kills by you in this place as a percentage of kills by you in the entire game.
 C = Kills by friends in this place as a percentage of kills by friends in the entire game.
 D = Other kills in this place as a percentage of other kills in the entire game.
 E = Experience gained in this place as a percentage of experience gained in the entire game.
 F = Experience gained in this place divided by the number of levels of this place that you have seen.
                   A       B       C       D       E      F
               +-------+-------+-------+-------+-------+----------------------
         Total | 100.0 | 100.0 |   N/A |   N/A | 100.0 |  49.0
       Dungeon | 100.0 | 100.0 |   N/A |   N/A | 100.0 |  49.0
               +-------+-------+-------+-------+-------+----------------------
